 Dungeon Crawl Stone Soup version 0.29-a0-802-g34511f41fd (webtiles) character file.

Game seed: 15187653299373613224

614 purpskrrrp the Covert (level 7, -11/67 HPs)
             Began as an Octopode Brigand on July 3, 2022.
             Mangled by a wight
             ... wielding a +4 halberd
              (19 damage)
             ... on level 4 of the Dungeon.
             The game lasted 00:22:27 (3999 turns).

purpskrrrp the Covert (Octopode Brigand)            Turns: 3999, Time: 00:22:28

Health: -11/67     AC:  1    Str: 10    XL:     7   Next: 44%
Magic:  7/7        EV: 13    Int: 14    God:
Gold:   290        SH:  0    Dex: 15    Spells: 6/6 levels left

rFire   . . .      SeeInvis .   j - +4 dagger (speed)
rCold   . . .      Faith    .   (no shield)
rNeg    . . .      Spirit   .   (helmet restricted)
rPois   .          Reflect  .   (no amulet)
rElec   .          Harm     .   (no ring)
rCorr   .          Rampage  .   (no ring)
Will    .....                   (no ring)
Stlth   ..........              (no ring)
HPRegen 0.21/turn               (no ring)
MPRegen 0.10/turn               (no ring)
                                (no ring)
                                (no ring)

@: berserking, very quick
A: almost no armour, amphibious, 8 rings, camouflage 1, gelatinous body 1,
(nimble swimmer 1), tentacles
a: no special abilities


You were on level 4 of the Dungeon.
You visited 2 branches of the dungeon, and saw 6 of its levels.
You also visited: Sewer.

You collected 290 gold pieces.

Inventory:

Hand Weapons
 a - a +2 vorpal dagger
 d - a +0 spear
 f - a +1 war axe of venom
 g - a +1 short sword of speed
 j - a +4 dagger of speed (weapon)
Missiles
 b - 14 poisoned darts (quivered)
 e - 3 javelins
 k - 3 curare-tipped darts
Armour
 s - the +1 robe of Vines {NoPotionHeal Regen++++}
   (You found it on level 4 of the Dungeon)

   Its wearer cannot be healed by potions.
   Regen:     It increases your rate of health regeneration.
Wands
 r - a wand of polymorph (11)
Scrolls
 i - 3 scrolls of teleportation
 l - a scroll of poison
 o - a scroll of amnesia
 q - a scroll of identify
Potions
 c - 4 potions of curing
 m - 2 potions of ambrosia {unknown}
 n - a potion of mutation {unknown}
 p - 2 potions of haste {unknown}
 t - a potion of resistance {unknown}
 u - a potion of degeneration {unknown}
 v - a potion of flight {unknown}


   Skills:
 + Level 2.3 Fighting
 * Level 4.3 Short Blades
 + Level 3.1 Throwing
 + Level 1.1 Dodging
 * Level 10.1 Stealth


You had 6 spell levels left.
You didn't know any spells.
Your spell library contained the following spells:

 Spells                   Type           Power      Damage    Failure   Level
 Poisonous Vapours        Pois/Air       0%         N/A       41%         2
 Corpse Rot               Necr/Pois/Air  0%         N/A       96%         4


Dungeon Overview and Level Annotations

Branches:
Dungeon (5/15)             Temple (1/1) D:4           Sewer (visited)

Altars:
Dithmenos
Elyvilon
Fedhas
Hepliaklqana
Nemelex Xobeh
Qazlal
Ru
Yredelemnul
The Shining One
Lugonu

Shops:
D:3 *


Innate Abilities, Weirdness & Mutations

You cannot wear most types of armour.
You are amphibious.
You can wear up to eight rings at the same time.
Your skin changes colour to match your surroundings (Stealth+).
Your rubbery body absorbs attacks. (AC +1, EV +1)
((You are camouflaged when in or above water. (Stealth+)))
You have tentacles for arms and can constrict up to eight enemies at once.


Message History

The wight hits you with a +0 spear.
You hit the wight.
The wight is almost destroyed.
You constrict the wight, but do no damage.
You hit the wight.
The wight is almost destroyed.
You constrict the wight, but do no damage.
The wight hits you with a +0 spear!
A wight comes into view. It is wielding a +0 hand axe.
You hit the wight.
You destroy the wight!
Your Short Blades skill increases to level 4!
Things that are here:
a +0 spear; a +0 robe; a scroll of amnesia A wight comes into view.
It is wielding a +4 halberd.
You closely miss the wight. Your grab misses the wight. You squeeze the wight.
The wight is lightly damaged.
The wight hits you with a +0 hand axe!
You are too injured to fight recklessly!
A red film seems to cover your vision as you go berserk!
You feel yourself moving faster!
You feel mighty!
The wight hits you from afar with a +4 halberd!
* * * LOW HITPOINT WARNING * * *
The wight barely misses you.
You barely miss the wight. You grab the wight. You squeeze the wight!
The wight is almost destroyed.
You constrict the wight, but do no damage.
You hit the wight.
You destroy the wight!
The wight hits you from afar with a +4 halberd!
* * * LOW HITPOINT WARNING * * *
You feel drained.
* * * LOW HITPOINT WARNING * * *
Your life force feels restored.
An adder comes into view.
You puncture the wight! You grab the wight.
The wight is heavily damaged.
You constrict the wight, but do no damage.
The wight hits you with a +4 halberd!!
You die...

#...# #..## .. #[.#
.. #†.### .. # #.
#....# ..#.##. #.
.# #..... ....#.
#.#####.S.# #<...#
#.#..
######.#.z...#
#####....# . #.###
.....#.)@#
#......#..
.##...###...^...###
###.####....
.#........#..##.).#
#...# ###.#
##..>..##....
###.####..## #..
.......#..#
#.......# ###
###...##.##
#......##
..###.#..# ##.#####
#...#.#.## #.#
###......# #.#


You could see a wight and an adder.

Vanquished Creatures
  Pargi (Sewer)
  An ogre (D:4)
  A kobold brigand (D:4)
  A bullfrog (D:4)
  2 wights (D:4)
  Jessica (D:2)
  4 adders
  2 ufetubi
  7 worms
  2 dart slugs (D:2)
  6 orcs
  9 endoplasms
  11 giant cockroaches
  7 goblins
  8 hobgoblins
  5 quokkas
  5 ball pythons
  12 bats
  8 frilled lizards
  7 kobolds
  5 rats
105 creatures vanquished.

Vanquished Creatures (others)
  2 demonic plants (Temple)
2 creatures vanquished.

Grand Total: 107 creatures vanquished

Notes
Turn   | Place    | Note
-------+----------+-------------------------------------------
     0 | D:1      | purpskrrrp the Octopode Brigand began the quest for the
                  | Orb.
     0 | D:1      | Reached XP level 1. HP: 14/14 MP: 1/1
   114 | D:2      | Reached XP level 2. HP: 4/19 MP: 2/2
   671 | D:1      | Reached skill level 6 in Stealth
  1318 | D:2      | Reached XP level 3. HP: 24/24 MP: 3/3
  1640 | D:2      | Reached skill level 7 in Stealth
  1725 | D:2      | Noticed Jessica
  1734 | D:2      | Killed Jessica
  1735 | D:2      | Reached XP level 4. HP: 29/29 MP: 4/4
  2087 | D:2      | Found a faded altar of an unknown god.
  2620 | D:3      | Found a glowing drain.
  2628 | Sewer    | Entered a sewer
  2634 | Sewer    | Reached XP level 5. HP: 33/34 MP: 5/5
  2705 | Sewer    | Noticed Pargi
  2713 | Sewer    | Killed Pargi
  2714 | Sewer    | Reached skill level 8 in Stealth
  2843 | D:3      | Found Xaassodi's Assorted Antiques.
  2873 | D:3      | Found a shadowy altar of Dithmenos.
  2947 | D:4      | Found the +1 robe of Vines {NoPotionHeal Regen++++}
  2950 | D:4      | Reached XP level 6. HP: 39/39 MP: 6/6
  2956 | D:4      | Found a staircase to the Ecumenical Temple.
  2974 | Temple   | Entered the Ecumenical Temple
  3698 | D:2      | You fall into a shaft and drop 2 floors!
  3834 | D:4      | Reached skill level 9 in Stealth
  3919 | D:5      | Entered Level 5 of the Dungeon
  3956 | D:4      | Reached skill level 10 in Stealth
  3956 | D:4      | Reached XP level 7. HP: 45/45 MP: 7/7
  3999 | D:4      | Mangled by a wight

Illustrated notes

Levels and vault maps discovered:
D:1:      shiori_arrival_elements, layout_loops_ring, st_stairs_9
D:2:      layout_rooms, shapermc_ecumenical_altar_starsandcircs,
          nicolae_wormholes, uniq_jessica
D:3:      minmay_diamond_boxcup, layout_loops_ring,
          nicolae_overflow_crystal_walls, gup_sewer_entry_pipe, serial_shops,
          nicolae_shop_statue_plus
D:4:      layout_rooms, lemuel_blue_sif_altar, kennysheep_mini_moat,
          minmay_temple_entry_slanted, minmay_misc_feat_encased, st_stairs_1,
          minivault_11, minmay_vboxes
D:5:      layout_cave_pools, lemuel_coloured_pillars_altar,
          hellmonk_ghost_happy_afterlife
Temple:   corrupted_temple

Skill      XL: |  1  2  3  4  5  6  7 |
---------------+----------------------+-----
Stealth        | 6 7 8 10 | 10.1
Throwing       | 3 |  3.1
Short Blades   | 3 4 |  4.3
Fighting       | |  2.3
Dodging        | |  1.1

Action                   |  1- 3 |  4- 6 |  7- 9 || total
-------------------------+-------+-------+-------++-------
Melee: Spear             |     7 |       |       ||     7
       Tentacles         |    11 |    28 |     2 ||    41
       Dagger            |    39 |   143 |    10 ||   192
       Constrict         |    12 |    23 |     3 ||    38
       Short sword       |     4 |       |       ||     4
       Punch             |     2 |     1 |       ||     3
Throw: Dart              |    23 |    24 |       ||    47
  Use: Scroll            |     3 |     7 |       ||    10
       Potion            |       |       |     1 ||     1
 Stab: Sleeping          |     9 |    29 |       ||    38
       Distracted        |       |       |     1 ||     1
Armor: Skin              |     2 |     7 |       ||     9
Dodge: Dodged            |    19 |    42 |     1 ||    62

Table legend: (Time is in decaauts)
 A = Elapsed time spent in this place.
 B = Non-inter-level travel time spent in this place.
 C = Inter-level travel time spent in this place.
 D = Time resting spent in this place.
 E = Time spent auto-exploring this place.
 F = Levels seen in this place.
 G = Mean time per level.
                   A        B        C        D        E       F      G
               +--------+--------+--------+--------+--------+-----+--------+
         Total |   3920 |   3374 |    546 |    690 |   1728 |   7 |  560.0 |
       Dungeon |   3712 |   3166 |    546 |    690 |   1656 |   5 |  742.4 |
        Temple |     79 |     79 |      0 |      0 |     22 |   1 |   79.0 |
         Sewer |    128 |    128 |      0 |      0 |     50 |   1 |  128.0 |
               +--------+--------+--------+--------+--------+-----+--------+

Top non-repeatable levels by time:
     D:2: 1470 daAuts
     D:1: 1017 daAuts
     D:3: 916 daAuts
     D:4: 285 daAuts
   Sewer: 128 daAuts
  Temple: 79 daAuts
     D:5: 22 daAuts
